 Dungeon Crawl Stone Soup version 0.27.0-1-g7a089689b8 (webtiles) character file.

Game seed: 8428655217802243017

711 mhtbhm the Cudgeller (level 7, -3/62 HPs)
             Began as a Minotaur Berserker on Aug 10, 2021.
             Was a Believer of Trog.
             Killed from afar by an electric eel (11 damage)
             ... with a bolt of electricity
             ... on level 5 of the Dungeon.
             The game lasted 00:04:37 (4029 turns).

mhtbhm the Cudgeller (Minotaur Berserker)           Turns: 4029, Time: 00:04:38

Health: -3/62      AC: 10    Str: 23    XL:     7   Next: 40%
Magic:  6/6        EV:  9    Int:  4    God:    Trog [**....]
Gold:   211        SH:  0    Dex: 10    Spells: 6/6 levels left

rFire    . . .     SeeInvis .   a - +3 quarterstaff (chaos)
rCold    . . .     Faith    .   (shield currently unavailable)
rNeg     . . .     Spirit   .   b - +0 chain mail
rPois    .         Reflect  .   (helmet restricted)
rElec    .         Harm     .   l - +0 cloak
rCorr    .         Rampage  .   (no gloves)
Will     .....                  (no boots)
Stlth    ..........             (no amulet)
HPRegen  0.20/turn              (no ring)
MPRegen  0.10/turn              (no ring)

@: no status effects
A: horns 2, retaliatory headbutt
a: Renounce Religion, Berserk, Trog's Hand


You were on level 5 of the Dungeon.
You worshipped Trog.
Trog was pleased with you.
You visited 1 branch of the dungeon, and saw 5 of its levels.

You collected 211 gold pieces.

Inventory:

Hand Weapons
 a - a +3 quarterstaff of chaos (weapon)
Missiles
 c - 7 silver boomerangs (quivered)
 f - 2 throwing nets
Armour
 b - a +0 chain mail (worn)
 l - a +0 cloak (worn)
Wands
 n - a wand of flame (8)
Scrolls
 d - a scroll of summoning
 g - a scroll of silence {unknown}
 o - a scroll of teleportation
 p - a scroll of torment {unknown}
 q - a scroll of identify {unknown}
 r - a scroll of vulnerability {unknown}
 s - a scroll of magic mapping {unknown}
 u - a scroll of enchant weapon {unknown}
Potions
 e - 4 potions of curing {unknown}
 h - a potion of degeneration {unknown}
 k - 2 potions of haste
 m - a potion of heal wounds {unknown}
 t - a potion of invisibility {unknown}


   Skills:
 + Level 5.9 Fighting
 - Level 6.1(6.8) Maces & Flails
 * Level 4.5(6.0) Staves
 + Level 4.5 Armour
 + Level 3.1 Dodging
 - Level 0.5 Stealth
 + Level 0.8 Evocations


You had 6 spell levels left.
You didn't know any spells.
Your spell library was empty.

Dungeon Overview and Level Annotations

Branches:
Dungeon (5/15)
 Temple: D:4-7

Altars:
Dithmenos
Fedhas
Uskayaw
Xom

Shops:
D:1 =


Innate Abilities, Weirdness & Mutations

You have a pair of horns on your head.
You reflexively headbutt those who attack you in melee.


Message History

The electric eel shoots out a bolt of lightning at you!
The bolt of electricity hits the plant!
The plant begins to die.
The bolt of electricity hits you.
There is an open door here.
The electric eel shoots out a bolt of lightning at you!
The bolt of electricity hits the plant!
The plant begins to die.
The bolt of electricity hits you.
The electric eel shoots out a bolt of lightning at you!
The bolt of electricity hits you!
The electric eel shoots out a bolt of lightning at you!
The bolt of electricity hits the plant!
The bolt of electricity hits you.
The electric eel shoots out a bolt of lightning at you!
The bolt of electricity hits the plant!
The bolt of electricity hits you.
The electric eel shoots out a bolt of lightning at you!
The bolt of electricity hits you!
The electric eel shoots out a bolt of lightning at you!
The bolt of electricity hits the plant!
The bolt of electricity hits you!
* * * LOW HITPOINT WARNING * * *
You are too injured to fight recklessly!
You are too injured to fight recklessly!
You are too injured to fight recklessly!
Unknown command.
Okay, then.
As you read the scroll of fear, it crumbles to dust.
You assume a fearsome visage.
The plant is unaffected. x4
The electric eel looks frightened! x3; A nearby plant withers and dies. x2
A nearby plant withers and dies.
Cornered, the electric eel turns to fight! x3
The electric eel shoots out a bolt of lightning at you!
The bolt of electricity hits you!
* * * LOW HITPOINT WARNING * * *
The electric eel shoots out a bolt of lightning at you!
The bolt of electricity misses you.
There is an open door here.
The electric eel shoots out a bolt of lightning at you!
The bolt of electricity misses you.
The electric eel shoots out a bolt of lightning at you!
The bolt of electricity hits the plant!
The plant begins to die.
The bolt of electricity hits you!
You die...

#######
###..≈≈≈##
#####≈.@####≈##
#...≈≈##'..##.#
#..#####.....#.#
# #.....#.#
#≈P.≈≈#≈#
#.....#..≈≈(#)#
#PP.P.#.≈$?≈#≈#
#(..≈.#≈;.;;#≈#
#?.$≈≈##≈≈≈##≈#


You could see 3 electric eels.

Vanquished Creatures
  An orc warrior (D:5)
  A centaur (D:4)
  A water moccasin skeleton (D:4)
  A killer bee (D:5)
  4 electric eels (D:3)
  Crazy Yiuf (D:2)
  A jelly (D:4)
  Jessica (D:2)
  Natasha (thrice) (D:2)
  An iguana (D:5)
  A hound skeleton (D:4)
  3 adders
  A gnoll (D:1)
  2 worms (D:2)
  A dart slug (D:1)
  7 orcs (D:3)
  5 bats
  4 endoplasms
  4 giant cockroaches
  8 goblins
  4 hobgoblins
  4 jackals (D:1)
  5 ball pythons
  2 frilled lizards
  3 kobolds
  3 rats
72 creatures vanquished.

Vanquished Creatures (others)
  18 fungi (D:3)
  23 plants
41 creatures vanquished.

Grand Total: 113 creatures vanquished

Notes
Turn   | Place    | Note
-------+----------+-------------------------------------------
     0 | D:1      | mhtbhm the Minotaur Berserker began the quest for the Orb.
     0 | D:1      | Reached XP level 1. HP: 19/19 MP: 0/0
   105 | D:1      | Reached skill level 4 in Maces & Flails
   105 | D:1      | Reached XP level 2. HP: 6/27 MP: 1/1
   614 | D:1      | Found Lent's Jewellery Boutique.
   631 | D:1      | Reached XP level 3. HP: 33/34 MP: 2/2
   903 | D:2      | Noticed Jessica
   911 | D:2      | Killed Jessica
  1237 | D:2      | Noticed Natasha
  1245 | D:2      | Killed Natasha
  1246 | D:2      | Reached skill level 5 in Fighting
  1246 | D:2      | Reached XP level 4. HP: 32/42 MP: 3/3
  1465 | D:2      | Found a blossoming altar of Fedhas.
  1495 | D:2      | Noticed Natasha
  1503 | D:2      | Killed Natasha
  1504 | D:2      | Reached skill level 5 in Maces & Flails
  1662 | D:2      | Reached ** piety under Trog
  1774 | D:2      | Noticed Natasha
  1781 | D:2      | Killed Natasha
  1782 | D:2      | Reached XP level 5. HP: 48/48 MP: 4/4
  1846 | D:2      | Found a runed translucent door.
  1847 | D:2      | Noticed Crazy Yiuf
  2170 | D:2      | Killed Crazy Yiuf
  2271 | D:3      | Found a transporter.
  2450 | D:3      | Reached skill level 6 in Maces & Flails
  2450 | D:3      | Reached XP level 6. HP: 56/56 MP: 5/5
  2455 | D:3      | Found a transporter.
  2783 | D:3      | Found a shadowy altar of Dithmenos.
  2895 | D:4      | Found a shimmering altar of Xom.
  2936 | D:4      | Reached skill level 1 in Staves
  3119 | D:4      | Found a hide-covered altar of Uskayaw.
  3460 | D:4      | Reached XP level 7. HP: 46/62 MP: 6/6
  3621 | D:5      | Entered Level 5 of the Dungeon
  4029 | D:5      | Killed from afar by an electric eel

Illustrated notes

Levels and vault maps discovered:
D:1:      dpeg_arrival_shelter, layout_rooms, serial_shops, nicolae_shop_stone,
          chequers_serial_rivers_micro_d
D:2:      layout_basic, basic_altar, dk_noncrumbling_4, hangedman_decor_growths,
          uniq_natasha, uniq_jessica, uniq_crazy_yiuf_cottage
D:3:      gammafunk_steamed_eel, layout_basic, mainiacjoe_overflow_cross_hatched
D:4:      layout_loops_ring, lemuel_crystal_altar,
          eat_drink_and_be_merry_uskayaw, serial_bayou, serial_bayou_ford_a,
          serial_bayou_shore_a, serial_bayou_pond_d, serial_bayou_pond_a
D:5:      cheibrodos_two_vegetables, layout_loops_ring,
          ashenzari_conservatory_becter, gammafunk_ghost_split,
          hangedman_decor_peaks_small, st_stairs_13, grunt_decor_cap

Skill      XL: |  1  2  3  4  5  6  7 |
---------------+----------------------+-----
Fighting       | 4 5 |  5.9
Maces & Flails | 4 5 6 |  6.1
Armour         | 3 4 |  4.5
Dodging        | 3 |  3.1
Staves         | 3 4 |  4.5
Stealth        | |  0.5
Evocations     | |  0.8

Action                   |  1- 3 |  4- 6 |  7- 9 || total
-------------------------+-------+-------+-------++-------
Melee: Mace              |    48 |    34 |       ||    82
       Headbutt          |     5 |    17 |     2 ||    24
       Quarterstaff      |       |    52 |    22 ||    74
Throw: Boomerang         |     2 |       |       ||     2
Invok: Berserk           |     4 |     2 |     1 ||     7
Evoke: Wand              |       |     7 |       ||     7
  Use: Scroll            |     1 |       |     4 ||     5
 Stab: Paralysed         |       |     3 |       ||     3
Armor: Animal skin       |     9 |       |       ||     9
       Chain mail        |     3 |    32 |     3 ||    38
Dodge: Dodged            |    38 |    38 |    10 ||    86
